 Dungeon Crawl Stone Soup version 0.30-a0-219-gf2db51d15e (webtiles) character file.

Game seed: 2718064618950123886

2251 lunkers the Cleaver (level 9, -4/70 (71) HPs)
             Began as a Meteoran Berserker on Oct 6, 2022.
             Was a Believer of Trog.
             Slain by a death yak (24 damage)
             ... on level 8 of the Dungeon on Oct 8, 2022.
             The game lasted 00:06:55 (1617 turns).

lunkers the Cleaver (Meteoran Berserker)            Turns: 1617, Time: 00:06:55

HP:   -4/70 (71)    AC: 10    Str: 25    XL:     9   Next: 95%
MP:   10/10         EV:  9    Int:  8    God:    Trog [**....]
Gold: 98            SH:  0    Dex: 13    Spells: 8/8 levels left

rFire   . . .      SeeInvis .    b - +4 dire flail
rCold   . . .      Faith    .    (shield currently unavailable)
rNeg    . . .      Spirit   .    s - +0 chain mail
rPois   .          Reflect  .    h - +0 helmet
rElec   .          Harm     .    (no cloak)
rCorr   .          Rampage  .    (no gloves)
Will    ++++.                    (no boots)
Stlth   ..........               (no amulet)
HPRegen 1.31/turn                i - ring of willpower
MPRegen 0.12/turn                k - ring of flight

@: strong-willed (expiring), on berserk cooldown, flying, regenerating
(expiring), slowed, glowing, lightly drained, very slow
A: sense surroundings 2, otherworldly, glowing, explore regen
a: Renounce Religion, Berserk, Trog's Hand


You were on level 8 of the Dungeon.
You worshipped Trog.
Trog was pleased with you.
You visited 1 branch of the dungeon, and saw 8 of its levels.

You collected 98 gold pieces.

Inventory:

Hand Weapons
 a - a +0 war axe
 b - a +4 dire flail (weapon)
 t - a +0 hand axe
 u - a +2 quarterstaff of draining
Missiles
 c - 30 stones (quivered)
 l - a throwing net
 m - 2 javelins
Armour
 e - a +0 ring mail
 h - a +0 helmet (worn)
 r - a +0 animal skin
 s - a +0 chain mail (worn)
Jewellery
 i - a ring of willpower (left hand)
 k - a ring of flight (right hand)
 q - a ring of protection from cold
Wands
 o - a wand of paralysis (14)
Scrolls
 d - 2 scrolls of identify
 n - a scroll of vulnerability {unknown}
 p - a scroll of summoning {unknown}
Potions
 f - 3 potions of curing
 g - a potion of heal wounds
 j - a potion of flight


   Skills:
 + Level 4.1 Fighting
 + Level 14.2 Axes
 + Level 3.5 Armour
 - Level 2.4 Dodging


You had 8 spell levels left.
You didn't know any spells.
Your spell library was empty.

Dungeon Overview and Level Annotations

Branches:
Dungeon (8/15) Zot: 3169   Temple (0/1) D:5
   Lair: D:8-11

Altars:
Cheibriados
Okawaru
Yredelemnul

Shops:
D:8 =


Innate Abilities, Weirdness & Mutations

You passively map the area around you.
You are easily found by Zot.
You glow in the dark.
You regain HP and MP as you explore.


Message History

Huh?
Unknown command.
Unknown command.
Adjust (i)tems, (s)pells, or (a)bilities?
u - a +4 dire flail (weapon)
Adjust to which letter? (? for menu, Esc to quit)
b - a +4 dire flail (weapon);
u - a +2 quarterstaff of draining
Okay, then.
You bludgeon the death yak!!
The death yak is moderately wounded.
The death yak gores you.
* * * LOW HITPOINT WARNING * * *
You hit the death yak.
The death yak is moderately wounded.
The death yak gores you.
* * * LOW HITPOINT WARNING * * *
The death yak barely misses you.
You barely miss the death yak.
The death yak is moderately wounded.
The death yak gores you but does no damage.
Unknown command.
You puncture the death yak!
The death yak is heavily wounded.
The death yak closely misses you.
Unknown command.
You hit the death yak.
The death yak is heavily wounded.
The death yak closely misses you.
Unknown command.
You barely miss the death yak.
The death yak is heavily wounded.
The death yak gores you.
* * * LOW HITPOINT WARNING * * *
You hit the death yak.
The death yak is heavily wounded.
You feel the effects of Trog's Hand fading.
The death yak gores you.
* * * LOW HITPOINT WARNING * * *
The death yak gores you!!
You die...

* #.....# , * *
#.....#,, ,,,,
,,, , * #.....# ,
, , ,#.....# ,, ,
, ,#....<# * ,,,
#.....#, .#. , ,
* #.....# ... , ,
#. #.....# [Y###
,
#..,##..@##......
,
#...##..Y#*.Y...#
,,, * *
#........##.....#
,
#.......).......#
** *
##.......[.......
,, , ,<
#.......).......
, , , ,
....##...##.....#
*
......♣...*.....#
, * , .....♣.♣...
....# ,,


You could see a death yak.

Vanquished Creatures
  Sigmund (D:2)
  5 yaks (D:6)
  Duvessa (D:5)
  A black bear (D:5)
  An ice beast (D:6)
  A sky beast (D:4)
  An orc warrior (D:7)
  2 phantoms
  A necrophage (D:6)
  4 wights (D:8)
  Dowan (D:5)
  An orc priest (D:7)
  A jelly (D:7)
  2 hounds (D:7)
  3 iguanas
  6 orc wizards
  3 gnolls (D:7)
  2 adders
  2 white imps (D:7)
  2 worms
  2 dart slugs
  15 orcs
  3 ball pythons
  2 endoplasms (D:4)
  2 giant cockroaches
  A goblin (D:1)
  2 hobgoblins (D:1)
  4 bats
  4 frilled lizards
  A kobold (D:1)
  3 rats
80 creatures vanquished.

Vanquished Creatures (others)
  An orc (D:7)
  A plant (D:6)
2 creatures vanquished.

Grand Total: 82 creatures vanquished

Notes
Turn   | Place    | Note
-------+----------+-------------------------------------------
     0 | D:1      | lunkers the Meteoran Berserker began the quest for the Orb.
     0 | D:1      | Reached XP level 1. HP: 19/19 MP: 2/2
   138 | D:1      | Reached skill level 4 in Axes
   138 | D:1      | Reached XP level 2. HP: 25/26 MP: 3/3
   170 | D:1      | Found a faded altar of an unknown god.
   291 | D:2      | Noticed Sigmund
   299 | D:2      | Killed Sigmund
   300 | D:2      | Reached skill level 7 in Axes
   300 | D:2      | Reached XP level 3. HP: 24/31 MP: 4/4
   300 | D:2      | Reached XP level 4. HP: 30/38 MP: 5/5
   300 | D:2      | Reached XP level 5. HP: 36/45 MP: 6/6
   300 | D:2      | Reached XP level 6. HP: 40/51 MP: 7/7
   457 | D:3      | Found a snail-covered altar of Cheibriados.
   491 | D:3      | Reached skill level 8 in Axes
   552 | D:4      | Noticed a sky beast
   567 | D:4      | Killed a sky beast
   568 | D:4      | Reached XP level 7. HP: 57/57 MP: 8/8
   619 | D:4      | Reached skill level 9 in Axes
   644 | D:4      | Reached ** piety under Trog
   727 | D:5      | Entered Level 5 of the Dungeon
   770 | D:5      | Found a staircase to the Ecumenical Temple.
   793 | D:5      | Noticed Dowan
   795 | D:5      | Noticed Duvessa
   803 | D:5      | Killed Duvessa
   803 | D:5      | Killed Dowan
   804 | D:5      | Reached skill level 10 in Axes
   804 | D:5      | Reached XP level 8. HP: 63/63 MP: 9/9
   806 | D:5      | Found a basalt altar of Yredelemnul.
   916 | D:6      | Noticed a yak
   916 | D:6      | Noticed a yak
   916 | D:6      | Noticed a yak
   916 | D:6      | Noticed a yak
   918 | D:6      | Noticed a yak
   940 | D:6      | Killed a yak
   941 | D:6      | Reached skill level 11 in Axes
   952 | D:6      | Killed a yak
   960 | D:6      | Killed a yak
   961 | D:6      | Reached skill level 12 in Axes
   961 | D:6      | Gained mutation: You passively map the area around you.
                  | [Meteoran growth]
   961 | D:6      | Reached XP level 9. HP: 50/70 MP: 10/10
   975 | D:6      | Reached skill level 13 in Axes
  1287 | D:7      | Reached skill level 14 in Axes
  1568 | D:7      | Found an iron altar of Okawaru.
  1587 | D:8      | Found Guicia's Jewellery Shoppe.
  1598 | D:8      | Noticed a death yak
  1617 | D:8      | Slain by a death yak

Illustrated notes

Levels and vault maps discovered:
D:1:      minmay_arrival_wavy_path, layout_loops_cross, serial_shops,
          nicolae_shop_advertising_works [nicolae_subvault_shop_adworks],
          shapermc_ecumenical_altar_venn
D:2:      layout_loops_cross, basic_altar, uniq_sigmund
D:3:      layout_basic, cheibriados_altar_1, minmay_rat_hole
D:4:      layout_basic, chequers_temple_overflow_minitemple
D:5:      layout_rooms, general_overflow_altar,
          chequers_temple_overflow_statue_of_worship, minmay_temple_entry_wispy,
          minmay_door_square, uniq_duvessa
D:6:      layout_gridville, serial_bayou_pond_b, reono_crystal_passage,
          st_stairs_1, uniq_maggie
D:7:      layout_cave_pods, kennysheep_okawaru_gauntlet
D:8:      layout_gridville, dpeg_lair_monsters, serial_shops,
          nicolae_diamond_shop, enter_bailey_8

Skill      XL: |  1  2  3  4  5  6  7  8  9 |
---------------+----------------------------+-----
Axes           | 4 7 8 10 12 14 | 14.2
Armour         | 3 |  3.5
Fighting       | 4 |  4.1
Dodging        | |  2.4

Action                   |  1- 3 |  4- 6 |  7- 9 || total
-------------------------+-------+-------+-------++-------
Melee: Hand axe          |    39 |    67 |   175 ||   281
       Punch             |       |     1 |     3 ||     4
       War axe           |       |       |    42 ||    42
       Dire flail        |       |       |     7 ||     7
Throw: Stone             |     5 |       |    13 ||    18
Invok: Berserk           |     1 |     3 |     6 ||    10
       Trog's Hand       |       |       |     3 ||     3
  Use: Scroll            |       |     6 |     2 ||     8
Armor: Ring mail         |    18 |    31 |    43 ||    92
       Chain mail        |       |       |    36 ||    36
Dodge: Dodged            |    24 |    30 |    75 ||   129

Table legend: (Time is in decaauts)
 A = Elapsed time spent in this place.
 B = Non-inter-level travel time spent in this place.
 C = Inter-level travel time spent in this place.
 D = Time resting spent in this place.
 E = Time spent auto-exploring this place.
 F = Levels seen in this place.
 G = Mean time per level.
                   A        B        C        D        E       F      G
               +--------+--------+--------+--------+--------+-----+--------+
         Total |   1628 |   1573 |     55 |      0 |    517 |   8 |  203.5 |
       Dungeon |   1628 |   1573 |     55 |      0 |    517 |   8 |  203.5 |
               +--------+--------+--------+--------+--------+-----+--------+

Top non-repeatable levels by time:
     D:7: 378 daAuts
     D:6: 314 daAuts
     D:1: 228 daAuts
     D:4: 198 daAuts
     D:2: 162 daAuts
     D:3: 159 daAuts
     D:5: 147 daAuts
     D:8: 39 daAuts
